 Dungeon Crawl Stone Soup version 0.23.2-33-g5129a83184 (webtiles) character file.

Game seed: 9938310881208411454

483 Ceapi the Skirmisher (level 7, -7/117 HPs)
             Began as an Ogre Berserker on July 17, 2019.
             Was a Priest of Trog.
             Mangled by a mummy (10 damage)
             ... in an ossuary.
             The game lasted 00:14:45 (3903 turns).

Ceapi the Skirmisher (Ogre Berserker)               Turns: 3903, Time: 00:14:45

Health: -7/117     AC:  3    Str: 29    XL:     7   Next: 12%
Magic:  7/7        EV: 10    Int:  8    God:    Trog [***...]
Gold:   150        SH:  0    Dex:  8    Spells: 6/6 levels left

rFire    . . .     SeeInvis .   h - +4 scythe (flame)
rCold    . . .     Gourm    .   (shield currently unavailable)
rNeg     . . .     Faith    .   b - +0 animal skin
rPois    .         Spirit   .   (helmet restricted)
rElec    .         Reflect  .   (no cloak)
rCorr    .         Harm     .   (gloves unavailable)
MR       .....                  (boots unavailable)
Stlth    ..........             (no amulet)
HPRegen  0.29/turn              (no ring)
MPRegen  0.10/turn              (no ring)

@: berserking, very quick
A: large, unfitting armour, tough skin 1
a: Berserk, Trog's Hand, Renounce Religion


You were in an ossuary.
You worshipped Trog.
Trog was most pleased with you.
You were not hungry.

You visited 1 branch of the dungeon, and saw 4 of its levels.
You also visited: Ossuary.

You collected 150 gold pieces.

Inventory:

Hand Weapons
 h - a +4 scythe of flaming (weapon)
Armour
 b - a +0 animal skin (worn)
 o - a +0 shield
Jewellery
 g - a +3 ring of intelligence
Scrolls
 a - 2 scrolls of remove curse
 d - a scroll of fear {unknown}
 e - 4 scrolls of identify
 f - 3 scrolls of teleportation
 j - a scroll of enchant armour {unknown}
 m - a scroll of random uselessness {unknown}
Potions
 i - 4 potions of curing {unknown}
 k - 2 potions of cancellation {unknown}
 l - 2 potions of heal wounds {unknown}
 n - 2 potions of flight {unknown}
Comestibles
 c - 7 rations


   Skills:
 + Level 7.6 Fighting
 + Level 5.7 Polearms
 - Level 3.1 Dodging
 + Level 0.3 Shields


You had 6 spell levels left.
You didn't know any spells.
Your spell library was empty.

Dungeon Overview and Level Annotations

Branches:
Dungeon (4/15)
 Temple: D:4-7

Altars:
Cheibriados
Wu Jian


Innate Abilities, Weirdness & Mutations

You are too large for most types of armour.
You have tough skin. (AC +1)


Message History

* * * LOW HITPOINT WARNING * * *
The hobgoblin zombie hits you.
* * * LOW HITPOINT WARNING * * *
The mummy hits you!
* * * LOW HITPOINT WARNING * * *
You slash the mummy! You burn the mummy.
You destroy the mummy!
Trog accepts your kill.
The hobgoblin zombie completely misses you.
The mummy barely misses you.
You barely miss the mummy. The mummy barely misses you.
You barely miss the mummy. The hobgoblin zombie barely misses you.
The mummy misses you. The mummy hits you!!
* * * LOW HITPOINT WARNING * * *
You hit the mummy. You burn the mummy.
The mummy is heavily damaged.
The hobgoblin zombie hits you.
* * * LOW HITPOINT WARNING * * *
The mummy hits you!
You die...

....##....##...
...............
..............
............
#........#
#......# #..Z.#
#.ZMM# #..@.#
#....# #....#
#....# #....#
#....# #.∩∩.#
######


You could see 2 mummies, a hobgoblin zombie and an orc zombie.

Vanquished Creatures
  Sigmund (D:2)
  A jelly (D:3)
  An orc priest (D:4)
  Terence (D:2)
  A killer bee zombie (D:2)
  2 mummies (Ossuary)
  2 adders (D:3)
  3 gnolls (D:2)
  An ooze (D:2)
  3 worms
  6 dart slugs
  A leopard gecko (D:4)
  25 orcs
  6 giant cockroaches
  9 hobgoblins
  3 jackals (D:2)
  2 quokkas (D:3)
  A ball python (D:1)
  6 bats
  7 frilled lizards
  6 goblins
  5 hobgoblin zombies (Ossuary)
  A jackal skeleton (D:4)
  9 kobolds
  An orc zombie (Ossuary)
  15 rats
  A bush (D:1)
120 creatures vanquished.

Notes
Turn   | Place    | Note
-------+----------+-------------------------------------------
     0 | D:1      | Ceapi the Ogre Berserker began the quest for the Orb.
     0 | D:1      | Reached XP level 1. HP: 24/24 MP: 1/1
   207 | D:1      | Reached XP level 2. HP: 17/32 MP: 2/2
  1081 | D:1      | Reached XP level 3. HP: 33/40 MP: 3/3
  1515 | D:2      | Noticed Sigmund
  1524 | D:2      | Killed Sigmund
  1524 | D:2      | Reached skill level 6 in Fighting
  1524 | D:2      | Reached XP level 4. HP: 36/53 MP: 4/4
  1524 | D:2      | Reached XP level 5. HP: 41/61 MP: 5/5
  1528 | D:2      | Reached ** piety under Trog
  1784 | D:2      | Reached XP level 6. HP: 65/68 MP: 6/6
  1795 | D:2      | Reached skill level 5 in Polearms
  1955 | D:2      | Noticed Terence
  1962 | D:2      | Killed Terence
  2026 | D:2      | Found an ornate altar of the Wu Jian Council.
  2480 | D:3      | Reached *** piety under Trog
  2480 | D:3      | Reached skill level 7 in Fighting
  2888 | D:3      | Found a snail-covered altar of Cheibriados.
  3484 | D:4      | Reached XP level 7. HP: 78/78 MP: 7/7
  3805 | D:4      | Found a sand-covered staircase.
  3813 | Ossuary  | Entered an ossuary
  3902 | Ossuary  | HP: 5/117 [mummy (19)]
  3903 | Ossuary  | Mangled by a mummy

Skill      XL: |  1  2  3  4  5  6 |
---------------+-------------------+-----
Dodging        | 3 |  3.1
Fighting       | 6 7 |  7.6
Polearms       | 4 5 |  5.7
Shields        | |  0.3

Action                   |  1- 3 |  4- 6 |  7- 9 || total
-------------------------+-------+-------+-------++-------
Melee: Spear             |   228 |    15 |       ||   243
       Scythe            |       |   143 |    30 ||   173
Invok: Berserk           |     2 |     2 |     2 ||     6
  Use: Scroll            |     4 |       |       ||     4
 Stab: Sleeping          |       |     1 |       ||     1
  Eat: Chunk             |     3 |     3 |     1 ||     7
       Ration            |       |     2 |     1 ||     3
Armor: Animal skin       |    25 |    47 |     3 ||    75
Dodge: Dodged            |    60 |   111 |    34 ||   205
